 Dungeon Crawl Stone Soup version 0.21-a0-221-gfe971b9 (webtiles) character file.

450 Stormphoenix the Insei (level 6, 0/47 HPs)
             Began as a Demonspawn Monk on Aug 25, 2017.
             Was a Believer of Makhleb.
             Killed from afar by an orc wizard (11 damage)
             ... with a magic dart
             ... on level 4 of the Dungeon.
             The game lasted 00:09:30 (4193 turns).

Stormphoenix the Insei (Demonspawn Monk)            Turns: 4193, Time: 00:09:32

Health: 0/47       AC:  3    Str: 13      XL:     6   Next: 74%
Magic:  6/6        EV: 13    Int: 11      God:    Makhleb [**....]
Gold:   169        SH:  4    Dex: 14 (16) Spells: 5/5 levels left

rFire    + . .     SeeInvis .     - Unarmed
rCold    + . .     Gourm    .   (no shield)
rNeg     . . .     Faith    .   a - +0 robe
rPois    .         Spirit   .   f - +0 helmet
rElec    .         Reflect  .   d - scarf {rC+ rF+}
rCorr    .         Harm     .   (no gloves)
MR       .....                  (no boots)
Stlth    ++........             (no amulet)
HPRegen  0.15/turn              (no ring)
MPRegen  0.10/turn              (no ring)

@: slowed, very slow
A: talons 1, large bone plates 1, spiny 1
a: Minor Destruction, Renounce Religion


You were on level 4 of the Dungeon.
You worshipped Makhleb.
Makhleb was pleased with you.
You were not hungry.

You visited 2 branches of the dungeon, and saw 5 of its levels.

You collected 169 gold pieces.

Inventory:

Armour
 a - a +0 robe (worn)
 d - a scarf of resistance (worn)
 f - a +0 helmet (worn)
Wands
 g - a wand of flame (24/48)
Scrolls
 e - 4 scrolls of teleportation
 k - a scroll of magic mapping
 n - 2 scrolls of identify
Comestibles
 b - 3 bread rations
 c - a royal jelly
 l - a meat ration
 o - 4 fruits


   Skills:
 - Level 3.0 Fighting
 - Level 2.6 Dodging
 - Level 1.7 Stealth
 + Level 7.0 Unarmed Combat


You had 5 spell levels left.
You didn't know any spells.

Dungeon Overview and Level Annotations

Branches:
Dungeon (4/15)             Temple (1/1) D:4

Altars:
Kikubaaqudgha
Makhleb
Vehumet
Wu Jian
Zin


Innate Abilities, Weirdness & Mutations

You have sharp toenails.
You are partially covered in large bone plates. (SH +4)
You are partially covered in sharp spines.


Message History

You aren't carrying any potions.
You closely miss the orc wizard. Your kick misses the orc wizard.
The orc wizard is lightly wounded.
The orc wizard barely misses you.
You hit the orc wizard.
You claw the orc wizard, but do no damage.
The orc wizard is moderately wounded.
The orc wizard misses you. x2
You hit the orc wizard.
The orc wizard is heavily wounded.
The orc wizard is struck by your spines.
The orc wizard misses you. The orc wizard hits you with a dagger.
* * * LOW HITPOINT WARNING * * *
You hit the orc wizard. Your kick misses the orc wizard.
The orc wizard is almost dead.
The orc wizard hits you with a dagger.
* * * LOW HITPOINT WARNING * * *
The orc wizard casts a spell at you. The magic dart hits you!
You die...

#..# ..................#
#### #..##...##..###.##
#######+###...###########
...[..#.................#
......#.........<.......#
.##..##..##..###...######
.##'###..##..#######
.##.......#...))...#
.#........+.....@..#
.##..######..###o.##
.##### #..# #..# ## .....
#.... ...... #.....
..##... #####.# .. ##+ +#


You could see an orc wizard.

Vanquished Creatures
  Sigmund (D:4)
  Blork the orc (D:4)
  A scorpion (D:4)
  A howler monkey (D:4)
  A hound (D:3)
  An adder (D:2)
  An ooze (D:2)
  5 worms
  2 dart slugs
  2 leopard geckos
  5 orcs
  9 bats
  7 giant cockroaches
  8 goblins
  10 hobgoblins
  5 quokkas
  2 ball pythons
  4 frilled lizards
  8 kobolds
  6 rats
80 creatures vanquished.

Vanquished Creatures (others)
  4 toadstools (D:1)
4 creatures vanquished.

Grand Total: 84 creatures vanquished

Notes
Turn   | Place    | Note
-------+----------+-------------------------------------------
     0 | D:1      | Stormphoenix the Demonspawn Monk began the quest for the Orb.
     0 | D:1      | Reached XP level 1. HP: 18/18 MP: 1/1
   144 | D:1      | Reached skill level 3 in Unarmed Combat
   387 | D:1      | Gained mutation: You are partially covered in sharp spines. [demonic ancestry]
   387 | D:1      | Reached XP level 2. HP: 16/24 MP: 2/2
  1437 | D:1      | Reached XP level 3. HP: 29/29 MP: 3/3
  1755 | D:2      | Reached skill level 4 in Unarmed Combat
  2286 | D:2      | Found an ancient bone altar of Kikubaaqudgha.
  2557 | D:2      | Reached XP level 4. HP: 31/35 MP: 4/4
  2997 | D:3      | Reached skill level 5 in Unarmed Combat
  3073 | D:3      | Found a faded altar of an unknown god.
  3407 | D:3      | Gained mutation: You have sharp toenails. [demonic ancestry]
  3407 | D:3      | Reached XP level 5. HP: 33/41 MP: 5/5
  3687 | D:4      | Noticed Sigmund
  3695 | D:4      | Killed Sigmund
  3695 | D:4      | Reached skill level 6 in Unarmed Combat
  3695 | D:4      | Gained mutation: You are partially covered in large bone plates. (SH +4) [demonic ancestry]
  3695 | D:4      | Reached XP level 6. HP: 46/47 MP: 6/6
  3736 | D:4      | Found a staircase to the Ecumenical Temple.
  3769 | Temple   | Entered the Ecumenical Temple
  3784 | Temple   | Became a worshipper of Makhleb the Destroyer
  3784 | Temple   | Reached * piety under Makhleb
  3784 | Temple   | Reached ** piety under Makhleb
  3874 | D:4      | Noticed Blork the orc
  3886 | D:4      | Killed Blork the orc
  3886 | D:4      | Reached skill level 7 in Unarmed Combat
  4193 | D:4      | Killed from afar by an orc wizard

Vault maps used:
D:1:      ldierk_water_garden, minmay_close_crescents
D:2:      overflow_temple_1_default, serial_glass, glass_columns_b,
          glass_columns_c, hex_intersection, minmay_domino_4
D:3:      chequers_ecumenical_altar_simple
D:4:      minmay_temple_entry_glassed_door, kennysheep_generic_room_4,
          uniq_blork_the_orc, uniq_sigmund
Temple:   nicolae_temple_elliptical

Skill      XL: |  1  2  3  4  5  6 |
---------------+-------------------+-----
Unarmed Combat | 3 4 5 6 7 |  7.0
Fighting       | |  3.0
Dodging        | |  2.6
Stealth        | |  1.7

Action                   |  1- 3 |  4- 6 || total
-------------------------+-------+-------++-------
Melee: Unarmed           |   142 |    98 ||   240
       Punch             |     1 |     1 ||     2
       Kick              |       |    13 ||    13
  Use: Scroll            |       |     7 ||     7
       Potion            |       |     8 ||     8
 Stab: Sleeping          |     7 |       ||     7
  Eat: Chunk             |     5 |     5 ||    10
Armor: Robe              |    33 |    11 ||    44
Dodge: Dodged            |    73 |    51 ||   124
Block: Other             |       |     6 ||     6

Table legend:
 A = Spawn XP
 B = Non-spawn XP
 C = Spawn XP percentage of total XP
 D = Spawn monster count
 E = Non-spawn monster count
 F = Spawn count percentage of total count
 G = Total turns spent on level
                    A         B        C        D         E        F      G
               +---------+---------+-------+---------+---------+-------+---------
         Total |      38 |     605 |   5.9 |      13 |      67 |  16.2 |  4193
               +---------+---------+-------+---------+---------+-------+---------
           D:1 |       5 |      37 |  11.9 |       3 |      21 |  12.5 |  1518
           D:2 |      21 |      61 |  25.6 |       5 |      26 |  16.1 |  1436
           D:3 |       4 |      70 |   5.4 |       2 |      14 |  12.5 |   666
           D:4 |       8 |     437 |   1.8 |       3 |       6 |  33.3 |   545
               +---------+---------+-------+---------+---------+-------+---------
